Map: Jagannatha LE

Players

SKillous - Winner!

  • Race: Protoss Protoss

Stephano

  • Race: Zerg Zerg

Event: DreamHack SC2 Masters 2021 Fall

VOD

Have the link to the VOD?

Description

Time

  • Played on: July 30, 2021, 10:22 a.m.
  • Length: 13:10

All games in this series

Show
View Real Time Build Order
Export as new Build Order

SKillous Protoss - Winner!

Build Orders: 1 Gate Expand, Oracle Opening, Carriers 

Get SALT Encoding   

  12  0:00  Probe  
  13  0:12  Probe  
  14  0:20  Pylon  
  14  0:24  Probe  
  15  0:38  Probe (Chrono Boost)  
  15  0:39  Gateway  
  16  0:47  Probe (Chrono Boost)  
  16  0:49  Assimilator  
  17  0:53  Probe  
  18  1:05  Probe  
  19  1:17  Probe  
  20  1:27  Nexus  
  20  1:38  Cybernetics Core  
  20  1:42  Probe  
  21  1:48  Assimilator  
  21  1:54  Probe  
  21  1:57  Pylon  
  22  2:05  Probe  
  23  2:12  Adept (Chrono Boost)  
  23  2:13  Probe  
  25  2:21  Stargate, Probe  
  26  2:26  Warp Gate  
  27  2:35  Adept  
  30  2:39  Probe (Chrono Boost)  
  30  2:40  Probe (Chrono Boost)  
  31  2:48  Probe (Chrono Boost)  
  31  2:51  Probe (Chrono Boost)  
  33  2:53  Probe (Chrono Boost)  
  33  2:55  Void Ray (Chrono Boost)  
  34  3:02  Probe  
  40  3:05  Probe  
  40  3:13  Pylon  
  40  3:14  Probe  
  40  3:17  Probe  
  42  3:24  Gateway  
  42  3:31  Oracle  
  42  3:33  Probe  
  46  3:35  Probe  
  47  3:45  Probe  
  47  3:48  Probe  
  49  3:55  Nexus  
  49  3:56  Pylon  
  49  3:59  Probe (Chrono Boost)  
  49  4:00  Probe (Chrono Boost)  
  51  4:04  Assimilator  
  51  4:06  Assimilator  
  52  4:10  Stargate  
  52  4:13  Probe (Chrono Boost)  
  52  4:14  Pylon  
  52  4:16  Probe (Chrono Boost)  
  53  4:21  Probe (Chrono Boost)  
  55  4:25  Shield Battery, Void Ray  
  55  4:26  Probe x2 (Chrono Boost)  
  60  4:34  Probe  
  60  4:35  Probe  
  62  4:40  Robotics Facility  
  62  4:46  Probe  
  62  4:47  Probe  
  62  4:49  Pylon  
  62  4:50  Void Ray  
  64  4:59  Probe (Chrono Boost)  
  70  5:01  Probe (Chrono Boost)  
  70  5:02  Void Ray  
  70  5:10  Probe (Chrono Boost)  
  70  5:12  Probe (Chrono Boost)  
  77  5:16  Assimilator, Probe (Chrono Boost)  
  77  5:18  Assimilator  
  77  5:20  Probe x2 (Chrono Boost)  
  79  5:24  Probe (Chrono Boost)  
  79  5:25  Probe (Chrono Boost)  
  79  5:26  Probe (Chrono Boost)  
  82  5:30  Forge, Robotics Bay  
  82  5:34  Void Ray, Probe x2  
  84  5:38  Probe  
  89  5:44  Observer  
  89  5:46  Probe  
  89  5:47  Probe  
  89  5:48  Pylon  
  92  5:50  Probe  
  93  6:02  Pylon, Shield Battery  
  93  6:03  Pylon  
  93  6:06  Void Ray  
  93  6:07  Probe x2  
  95  6:16  Disruptor (Chrono Boost)  
  95  6:17  Void Ray  
  99  6:19  Protoss Air Weapons Level 1  
  99  6:21  Gateway  
  99  6:23  Gateway  
  106  6:28  Stalker  
  106  6:32  Photon Cannon  
  108  6:36  Probe  
  108  6:37  Probe  
  108  6:38  Probe  
  108  6:40  Gateway  
  108  6:41  Gateway  
  108  6:43  Void Ray  
  108  6:47  Disruptor  
  108  6:51  Adept  
  115  7:00  Photon Cannon  
  114  7:08  Fleet Beacon  
  114  7:09  Stargate  
  114  7:15  Pylon  
  114  7:17  Nexus  
  113  7:23  Pylon, Probe  
  113  7:28  Protoss Ground Weapons Level 1 (Chrono Boost)  
  114  7:34  Twilight Council  
  114  7:37  Nexus  
  114  7:39  Pylon  
  114  7:42  Pylon  
  114  7:46  Pylon  
  114  7:50  Gateway x2  
  114  7:53  Gateway  
  114  7:55  Zealot x4  
  125  8:01  Carrier (Chrono Boost)  
  133  8:07  Carrier (Chrono Boost)  
  133  8:12  Charge, Flux Vanes  
  139  8:13  Carrier (Chrono Boost)  
  139  8:14  Probe x2 (Chrono Boost)  
  139  8:16  Probe (Chrono Boost)  
  142  8:25  Probe x2 (Chrono Boost)  
  142  8:27  Assimilator, Probe (Chrono Boost)  
  145  8:28  Warp Prism  
  145  8:31  Probe x2 (Chrono Boost)  
  145  8:32  Assimilator  
  149  8:37  Templar Archives  
  149  8:43  Pylon  
  149  8:48  Pylon  
  149  8:49  Pylon, Probe x2  
  149  8:50  Pylon  
  149  8:53  Shield Battery  
  151  8:56  Photon Cannon  
  151  9:01  Carrier  
  157  9:07  Photon Cannon  
  157  9:14  High Templar x3  
  157  9:15  High Templar  
  165  9:19  Archon x2  
  165  9:22  Photon Cannon  
  165  9:28  Protoss Air Weapons Level 2 (Chrono Boost)  
  165  9:30  Protoss Ground Weapons Level 2 (Chrono Boost)  
  171  9:31  Zealot x3  
  171  9:33  Zealot  
  173  9:39  Gravitic Drive (Chrono Boost)  
  171  9:47  Gateway  
  171  9:49  Photon Cannon  
  171  9:52  Photon Cannon  
  169  9:53  Carrier  
  169  9:54  Photon Cannon  
  169  9:57  Carrier  
  181  10:11  Zealot x7  
  195  10:16  Pylon  
  187  10:23  Zealot x2  
  175  10:29  Photon Cannon  
  175  10:32  Zealot x5  
  175  10:33  Zealot  
  185  10:47  Zealot x4  
  187  10:59  Nexus  
  187  11:02  Pylon  
  189  11:15  High Templar x3  
  189  11:16  High Templar  
  189  11:17  High Templar x4  
  199  11:19  High Templar x2  
  199  11:20  Archon x2  
  199  11:24  Photon Cannon x2, Archon x3  
  187  11:26  Photon Cannon  
  187  11:27  Photon Cannon  
  187  11:29  Forge  
  187  11:30  Shield Battery  
  187  11:31  Warp Prism  
  185  11:34  Assimilator  
  185  11:38  Assimilator  
  185  11:48  Zealot x2  
  185  11:49  Zealot x3  
  195  12:07  Zealot x4  
  193  12:28  Zealot x3  
  191  12:37  Zealot x4  
  149  13:04  Zealot x10  
Show
View Real Time Build Order
Export as new Build Order

Stephano Zerg 

Build Orders: Hatch First 

Get SALT Encoding   

  12  0:00  Drone  
  13  0:12  Overlord  
  13  0:16  Drone  
  14  0:30  Drone x2  
  16  0:46  Drone  
  17  0:52  Hatchery  
  17  0:54  Drone  
  17  0:58  Drone  
  18  1:08  Extractor  
  17  1:12  Spawning Pool  
  17  1:16  Drone  
  17  1:20  Drone  
  18  1:28  Drone  
  19  1:38  Drone  
  20  1:49  Drone  
  21  2:01  Zergling x2  
  22  2:03  Queen  
  22  2:04  Queen, Drone  
  27  2:11  Overlord  
  28  2:15  Drone  
  28  2:20  Metabolic Boost  
  28  2:30  Hatchery  
  28  2:32  Drone  
  28  2:35  Zergling x2  
  28  2:37  Drone  
  30  2:43  Queen  
  32  2:48  Overlord  
  32  2:50  Drone  
  33  2:53  Drone  
  34  3:00  Drone x2  
  36  3:10  Overlord  
  36  3:11  Zergling x4  
  38  3:15  Drone x2  
  38  3:17  Drone  
  41  3:21  Queen  
  41  3:25  Overlord  
  43  3:33  Drone  
  44  3:35  Overlord  
  44  3:39  Drone  
  45  3:42  Drone x2  
  45  3:45  Drone  
  45  3:46  Drone x2  
  50  3:48  Queen  
  50  3:51  Drone  
  50  3:55  Spore Crawler  
  52  3:57  Spore Crawler  
  52  4:00  Drone x2  
  52  4:09  Zergling x2  
  53  4:12  Drone  
  53  4:15  Drone x3  
  57  4:18  Spore Crawler, Drone  
  57  4:21  Drone  
  57  4:23  Evolution Chamber  
  57  4:28  Drone x3  
  60  4:35  Drone x6  
  60  4:36  Overlord x2  
  66  4:42  Overlord  
  65  4:48  Zerg Melee Weapons Level 1, Extractor  
  65  4:50  Baneling Nest  
  65  4:51  Extractor  
  62  4:53  Zergling x4  
  62  4:54  Drone x4  
  68  5:00  Drone  
  68  5:01  Lair  
  68  5:02  Drone x2  
  68  5:03  Drone  
  68  5:05  Drone x2  
  74  5:13  Drone  
  74  5:16  Drone x2  
  74  5:21  Zergling x10  
  81  5:33  Extractor  
  81  5:35  Extractor, Queen x2  
  81  5:39  Drone x2  
  81  5:42  Drone x2  
  87  5:45  Hatchery  
  86  5:57  Hatchery  
  86  6:00  Zergling x10  
  89  6:05  Overlord  
  89  6:09  Queen  
  89  6:12  Overlord  
  89  6:14  Extractor  
  88  6:19  Overlord  
  88  6:20  Drone  
  88  6:21  Overlord  
  88  6:23  Queen x2  
  93  6:29  Baneling x5  
  93  6:30  Zergling x2, Baneling x2  
  93  6:31  Zergling x22  
  105  6:35  Evolution Chamber  
  105  6:36  Drone  
  105  6:37  Drone x2  
  105  6:39  Drone  
  108  6:40  Drone  
  108  6:41  Drone  
  108  6:45  Queen  
  110  6:56  Drone x6  
  110  6:57  Drone x2  
  110  6:59  Queen  
  110  7:00  Spire  
  110  7:01  Zerg Ground Armor Level 1  
  116  7:08  Zerg Melee Weapons Level 2  
  116  7:10  Drone x2  
  116  7:11  Drone  
  116  7:14  Drone x3  
  122  7:18  Infestation Pit  
  120  7:26  Queen, Spire  
  122  7:32  Baneling x10  
  122  7:34  Drone x4  
  122  7:37  Extractor x2  
  125  7:40  Drone x2  
  125  7:43  Drone x5  
  125  7:44  Drone  
  130  7:55  Hive  
  124  8:06  Drone x6  
  124  8:07  Drone, Overlord x5, Hatchery  
  129  8:20  Zerg Flyer Weapons Level 1  
  129  8:24  Overlord  
  129  8:30  Corruptor  
  129  8:31  Corruptor x6  
  142  8:34  Pneumatized Carapace  
  142  8:35  Overseer  
  142  8:44  Spore Crawler x3  
  142  8:46  Spore Crawler, Corruptor x3  
  144  8:56  Zerg Flyer Armor Level 1  
  144  9:01  Corruptor x5  
  153  9:08  Viper  
  156  9:20  Drone x3  
  156  9:21  Extractor x2, Ultralisk Cavern  
  156  9:22  Drone x3  
  159  9:25  Zergling x2  
  159  9:26  Zergling x36  
  178  9:32  Zerg Melee Weapons Level 3  
  178  9:44  Zerg Ground Armor Level 2  
  177  9:46  Viper  
  177  9:50  Zergling x20  
  184  9:55  Overlord x2  
  184  9:56  Spine Crawler, Overlord  
  184  9:57  Spine Crawler  
  184  9:58  Spine Crawler  
  179  10:13  Zergling x16  
  186  10:15  Overlord  
  186  10:18  Adrenal Glands  
  176  10:24  Corruptor x5  
  179  10:40  Chitinous Plating  
  179  10:42  Zerg Flyer Weapons Level 2  
  178  10:49  Ultralisk  
  181  10:51  Ultralisk  
  184  10:57  Drone x2  
  184  10:58  Drone x4  
  184  10:59  Overlord  
  184  11:00  Overlord  
  190  11:16  Hatchery  
  189  11:21  Corruptor x4  
  196  11:38  Overlord  
  196  11:39  Hatchery, Spine Crawler  
  192  11:41  Spine Crawler  
  192  11:45  Overseer x3  
  153  12:01  Ultralisk  
  153  12:02  Ultralisk x2  
  153  12:05  Zergling x34  
  169  12:16  Zergling x10  
  168  12:30  Zergling x12  

Tags
 
Add a new tag
Caveats
  • Supply blocks, unpowered buildings, or Contaminate may cause inaccurate times.
  • Supply counts are checked every 10 seconds.